RedWings vs Penguins

Created - Wednesday, February 11, 2015 at 23:58

Goals
1 2 3 T
RedWings 1 0 0 1
Penguins 1 2 2 5
Shots
1 2 3 T
RedWings 14 10 10 34
Penguins 11 9 13 33

1st period

1. RedWings , Johnny Boychuk 12 (Bryan Bickell, Alexei Emelin) at 6:44
2. Penguins , Nathan MacKinnon 16 (Vladimir Tarasenko) at 13:27 (PP)

Penalties :
Christian Ehrhoff (Pit) for Hooking (Minor) at 8:52, Zenon Konopka (Det) for Holding (Minor) at 12:02, Eric Gryba (Det) for Roughing (Minor) at 15:13, Johnny Boychuk (Det) for Hooking (Minor) at 19:29

2nd period

3. Penguins , Vladimir Tarasenko 11 (Jarome Iginla, Mikael Granlund) at 6:44
4. Penguins , Christian Ehrhoff 5 (Jarome Iginla, Dan Hamhuis) at 14:06

Penalties :
Anton Volchenkov (Pit) for Interference (Minor) at 3:08, Brandon Prust (Det) for Hooking (Minor) at 8:14, Brandon Prust (Det) for Tripping (Minor) at 15:07, Eric Gryba (Det) for Hooking (Minor) at 17:35

3rd period

5. Penguins , Nathan MacKinnon 17 (Dan Hamhuis) at 2:23
6. Penguins , Mark Giordano 18 (Luke Glendening, Christian Ehrhoff) at 15:52

Penalties :
Chris Butler (Pit) for Cross-checking (Minor) at 11:07, Milan Michalek (Det) for Slashing (Minor) at 16:50

Goalie Stats

Jonas Hiller (Det), 28 saves from 33 shots - (0.848), L, 13-26-3, 60:00 minutes
Ryan Miller (Pit), 33 saves from 34 shots - (0.971), W, 20-16-9, 60:00 minutes

Players Stats for RedWings

Player Name              G  A  P  +/- PIM S  H  SB GA TA FO     MP     PP MP  PK MP  
------------------------------------------------------------------------------------
Alex Goligoski           0  0  0  -1  0   4  1  2  2  1  0/0    29:01   2:39   7:53 
Alexei Emelin            0  1  1  -1  0   1  4  0  0  2  0/0    20:55   3:18   5:26 
Beau Bennett             0  0  0   0  0   0  0  0  2  0  0/0     7:37   0:00   0:00 
Brandon Prust            0  0  0  -1  4   2  4  0  1  1  3/13   17:10   2:25   1:08 
Bryan Bickell            0  1  1   0  0   1  0  0  1  0  0/0    12:33   0:00   0:00 
David Moss               0  0  0   1  0   3  1  1  2  1  0/1    20:12   3:32   3:24 
Eric Gryba               0  0  0  -1  4   2  1  2  0  1  0/0    10:35   0:00   0:00 
Jannik Hansen            0  0  0  -1  0   1  3  1  1  0  0/0    19:55   2:25   3:24 
Jason Demers             0  0  0  -1  0   4  1  1  1  0  0/0    20:55   3:18   5:26 
Jesse Joensuu            0  0  0  -3  0   1  0  0  0  0  0/0     7:33   0:00   0:34 
Johnny Boychuk           1  0  1  -1  2   4  1  2  0  4  0/0    24:02   2:39   5:54 
Justin Abdelkader        0  0  0   0  0   1  1  1  3  2  4/10   20:36   3:32   9:21 
Milan Michalek           0  0  0  -2  2   1  1  0  6  2  6/22   24:23   3:32   6:47 
Nick Leddy               0  0  0  -1  0   5  0  0  2  0  0/0    12:03   0:00   1:59 
Paul Postma              0  0  0   0  0   0  0  0  0  0  0/0     2:59   0:00   0:00 
Travis Moen              0  0  0  -1  0   1  0  1  0  0  0/2    15:17   2:25   0:00 
Zac Rinaldo              0  0  0  -3  0   0  0  0  0  0  2/3     8:53   0:00   2:00 
Zenon Konopka            0  0  0   1  2   3  1  0  1  0  3/9    11:55   0:00   0:00 

Players Stats for Penguins

Player Name              G  A  P  +/- PIM S  H  SB GA TA FO     MP     PP MP  PK MP  
------------------------------------------------------------------------------------
Anton Volchenkov         0  0  0   0  2   0  1  1  0  2  0/0    12:30   0:07   2:28 
Chris Butler             0  0  0   0  2   1  0  0  0  0  0/0    11:21   0:00   1:25 
Chris Kelly              0  0  0   1  0   2  0  0  0  0  1/1    13:26   0:00   1:36 
Christian Ehrhoff        1  1  2   2  2   5  1  1  0  1  0/0    27:20   9:24   1:03 
Dan Hamhuis              0  2  2   1  0   3  1  1  0  3  0/0    22:59   1:42   4:32 
David Legwand            0  0  0   1  0   1  1  0  1  1  11/18  19:22   5:49   0:00 
Jarome Iginla            0  2  2   1  0   3  6  0  3  0  2/2    24:06   8:17   0:00 
Luke Glendening          0  1  1   1  0   0  2  2  0  0  0/0    15:45   0:00   4:21 
Marcus Foligno           0  0  0   1  0   2  1  0  1  0  0/0     6:48   0:46   0:00 
Mark Fraser              0  0  0   0  0   0  0  0  0  0  0/0     0:00   0:00   0:00 
Mark Giordano            1  0  1   2  0   3  1  0  1  1  0/0    26:17  11:37   0:00 
Mikael Granlund          0  1  1   0  0   0  1  0  2  0  9/13   16:52   7:30   0:00 
Nate Thompson            0  0  0   1  0   1  3  0  3  1  4/6    12:40   0:00   0:50 
Nathan MacKinnon         2  0  2   1  0   6  1  0  5  0  1/1    21:58   8:04   0:36 
Patrick Sharp            0  0  0   1  0   1  2  1  2  1  1/2    19:59   7:30   0:00 
Paul Gaustad             0  0  0   1  0   2  3  1  0  0  13/16  10:30   0:00   4:31 
Raphael Diaz             0  0  0   1  0   1  0  1  0  1  0/0    15:52   0:00   2:26 
Vladimir Tarasenko       1  1  2   0  0   2  0  1  2  0  0/1    16:15   5:49   0:00 

3 Stars

1 - Nathan MacKinnon (Pit)
2 - Ryan Miller (Pit)
3 - Jarome Iginla (Pit)

Power Play

RedWings - 0 on 3 Attempt(s) - 0.00%
Penguins - 1 on 7 Attempt(s) - 14.29%

Penalty Kill

RedWings - 6 on 7 Attempt(s) - 85.71% - Score 0 goal in Penalty Kill
Penguins - 3 on 3 Attempt(s) - 100.00% - Score 0 goal in Penalty Kill

Team Stat

RedWings - Hits : 19 - Faceoff Wins : 18 - Blocked Shots : 11 - Penalty Minutes : 14
Penguins - Hits : 24 - Faceoff Wins : 42 - Blocked Shots : 9 - Penalty Minutes : 6

Official

Referees : Unknown
Linesman : Unknown

Game Notes

No Game Note

Finance

Level 1 -- Attendance: 5039 (83.98%) -- Ticket Income $453,510
Level 2 -- Attendance: 4348 (86.96%) -- Ticket Income $230,444
Level 3 -- Attendance: 1741 (87.05%) -- Ticket Income $52,230
Level 4 -- Attendance: 4000 (100.00%) -- Ticket Income $64,000
Luxury Box -- Attendance: 1000 (100.00%) -- Ticket Income $179,000
Game was played at the Consol Energy Center'
Total Attendance: 16128 (89.60%)
Total Ticket Income: $979,184
Other Income: $479,800
Total Income: $1,458,984

RedWings

5 vs 5 Forward 
   Center                   Left Wing                Right Wing               Time % Phy DF OF 
 1 Justin Abdelkader        Milan Michalek           Beau Bennett             35     1   2  2  
 2 Brandon Prust            Jannik Hansen            Travis Moen              30     1   2  2  
 3 Zenon Konopka            Bryan Bickell            David Moss               22     1   2  2  
 4 Milan Michalek           Zac Rinaldo              Jesse Joensuu            13     1   2  2  

5 vs 5 Defense 
   Defense                  Defense                                           Time % Phy DF OF 
 1 Alex Goligoski           Johnny Boychuk                                    35     1   2  2  
 2 Alexei Emelin            Jason Demers                                      30     1   2  2  
 3 Eric Gryba               Nick Leddy                                        22     1   2  2  
 4 Paul Postma              Alex Goligoski                                    13     1   2  2  

PowerPlay Forward 
   Center                   Left Wing                Right Wing               Time % Phy DF OF 
 1 Justin Abdelkader        Milan Michalek           David Moss               60     1   2  2  
 2 Brandon Prust            Jannik Hansen            Travis Moen              40     1   2  2  

PowerPlay Defense
   Defense                  Defense                                           Time % Phy DF OF 
 1 Alex Goligoski           Johnny Boychuk                                    60     1   2  2  
 2 Alexei Emelin            Jason Demers                                      40     1   2  2  

Penalty Kill 4 Players Forward 
   Center                   Wing                     Time % Phy DF OF 
 1 Milan Michalek           Justin Abdelkader        60     1   2  2  
 2 David Moss               Jannik Hansen            40     1   2  2  

Penalty Kill 4 Players Defense
   Defense                  Defense                  Time % Phy DF OF 
 1 Alex Goligoski           Johnny Boychuk           60     1   2  2  
 2 Alexei Emelin            Jason Demers             40     1   2  2  

Penalty Kill - 3 Players Forward 
   Forward                                           Time % Phy DF OF 
 1 Milan Michalek                                    60     1   2  2  
 2 Justin Abdelkader                                 40     1   2  2  

Penalty Kill - 3 Players Defense
   Defense                  Defense                  Time % Phy DF OF 
 1 Alex Goligoski           Johnny Boychuk           60     1   2  2  
 2 Alexei Emelin            Jason Demers             40     1   2  2  

4 vs 4 Forward 
   Center                   Wing                     Time % Phy DF OF 
 1 Milan Michalek           Justin Abdelkader        60     1   2  2  
 2 David Moss               Jannik Hansen            40     1   2  2  

4 vs 4 Defense
   Defense                  Defense                  Time % Phy DF OF 
 1 Alex Goligoski           Johnny Boychuk           60     1   2  2  
 2 Alexei Emelin            Jason Demers             40     1   2  2  

Last Minutes Offensive
   Center                   Left Wing                Right Wing               Defense                  Defense                  
   Justin Abdelkader        Milan Michalek           David Moss               Alex Goligoski           Johnny Boychuk           

Last Minutes Defensive
   Center                   Left Wing                Right Wing               Defense                  Defense                  
   Justin Abdelkader        Milan Michalek           David Moss               Alex Goligoski           Johnny Boychuk           

Goaltenders
Starting : Jonas Hiller             
Backup : Martin Jones             

Extra Forwards
Normal : Bryan Bickell, Beau Bennett, Zac Rinaldo - PP : Bryan Bickell, Beau Bennett - PK : Zac Rinaldo
Extra Defensemen
Normal : Eric Gryba, Nick Leddy, Paul Postma - PP : Eric Gryba - PK : Nick Leddy, Paul Postma
Penalty Shots
Milan Michalek, Justin Abdelkader, David Moss, Jannik Hansen, Travis Moen

Penguins

5 vs 5 Forward 
   Center                   Left Wing                Right Wing               Time % Phy DF OF 
 1 David Legwand            Patrick Sharp            Nathan MacKinnon         35     1   2  2  
 2 Mikael Granlund          Vladimir Tarasenko       Jarome Iginla            30     1   2  2  
 3 Paul Gaustad             Marcus Foligno           Jarome Iginla            22     1   2  2  
 4 Nate Thompson            Chris Kelly              Luke Glendening          13     1   2  2  

5 vs 5 Defense 
   Defense                  Defense                                           Time % Phy DF OF 
 1 Mark Giordano            Christian Ehrhoff                                 40     1   2  2  
 2 Raphael Diaz             Dan Hamhuis                                       35     1   2  2  
 3 Chris Butler             Anton Volchenkov                                  20     1   2  2  
 4 Mark Giordano            Christian Ehrhoff                                 5      1   2  2  

PowerPlay Forward 
   Center                   Left Wing                Right Wing               Time % Phy DF OF 
 1 Mikael Granlund          Patrick Sharp            Jarome Iginla            60     1   1  3  
 2 David Legwand            Vladimir Tarasenko       Nathan MacKinnon         40     1   1  3  

PowerPlay Defense
   Defense                  Defense                                           Time % Phy DF OF 
 1 Mark Giordano            Christian Ehrhoff                                 60     1   1  3  
 2 Mark Giordano            Jarome Iginla                                     40     1   1  3  

Penalty Kill 4 Players Forward 
   Center                   Wing                     Time % Phy DF OF 
 1 Paul Gaustad             Luke Glendening          60     1   3  1  
 2 Nate Thompson            Chris Kelly              40     1   3  1  

Penalty Kill 4 Players Defense
   Defense                  Defense                  Time % Phy DF OF 
 1 Anton Volchenkov         Dan Hamhuis              60     1   3  1  
 2 Chris Butler             Raphael Diaz             40     1   3  1  

Penalty Kill - 3 Players Forward 
   Forward                                           Time % Phy DF OF 
 1 Paul Gaustad                                      60     1   3  1  
 2 Nate Thompson                                     40     1   3  1  

Penalty Kill - 3 Players Defense
   Defense                  Defense                  Time % Phy DF OF 
 1 Anton Volchenkov         Dan Hamhuis              60     1   3  1  
 2 Chris Butler             Raphael Diaz             40     1   3  1  

4 vs 4 Forward 
   Center                   Wing                     Time % Phy DF OF 
 1 Mikael Granlund          Patrick Sharp            60     1   2  2  
 2 David Legwand            Nathan MacKinnon         40     1   2  2  

4 vs 4 Defense
   Defense                  Defense                  Time % Phy DF OF 
 1 Mark Giordano            Christian Ehrhoff        60     1   2  2  
 2 Dan Hamhuis              Anton Volchenkov         40     1   2  2  

Last Minutes Offensive
   Center                   Left Wing                Right Wing               Defense                  Defense                  
   Mikael Granlund          Patrick Sharp            Jarome Iginla            Mark Giordano            Christian Ehrhoff        

Last Minutes Defensive
   Center                   Left Wing                Right Wing               Defense                  Defense                  
   Paul Gaustad             Patrick Sharp            Jarome Iginla            Mark Giordano            Christian Ehrhoff        

Goaltenders
Starting : Ryan Miller              
Backup : Alex Stalock             

Extra Forwards
Normal : Nathan MacKinnon, Jarome Iginla, Vladimir Tarasenko - PP : Nathan MacKinnon, Jarome Iginla - PK : Paul Gaustad
Extra Defensemen
Normal : Dan Hamhuis, Christian Ehrhoff, Chris Butler - PP : Dan Hamhuis - PK : Dan Hamhuis, Christian Ehrhoff
Penalty Shots
Patrick Sharp, Jarome Iginla, Nathan MacKinnon, Vladimir Tarasenko, David Legwand

% Time on Ice - RedWings

Lines # - Real PCT - Wanted PCT - Time Play
Normal Forward
1 - 19% - 35% - 7:49
2 - 35% - 30% - 14:06
3 - 29% - 22% - 11:56
4 - 17% - 13% - 6:53
Normal Defense
1 - 38% - 35% - 15:30
2 - 30% - 30% - 12:11
3 - 25% - 22% - 10:04
4 - 7% - 13% - 2:59
PP Forward
1 - 59% - 60% - 3:32
2 - 41% - 40% - 2:25
PP Defense
1 - 45% - 60% - 2:39
2 - 55% - 40% - 3:18
PK Forward
1 - 74% - 60% - 9:55
2 - 26% - 40% - 3:24
PK Defense
1 - 59% - 60% - 7:53
2 - 41% - 40% - 5:26
PK3 Forward
1 - 0% - 60%
2 - 0% - 40%
PK3 Defense
1 - 0% - 60%
2 - 0% - 40%
44 Forward
1 - 0% - 60%
2 - 0% - 40%
44 Defense
1 - 0% - 60%
2 - 0% - 40%
Last Minute Offensive  - 0:00
Last Minute Defensive  - 0:00
Total
Forward - 60:00
Defense - 60:00

% Time on Ice - Penguins

Lines # - Real PCT - Wanted PCT - Time Play
Normal Forward
1 - 31% - 35% - 12:41
2 - 27% - 30% - 11:04
3 - 14% - 22% - 5:47
4 - 27% - 13% - 11:12
Normal Defense
1 - 40% - 40% - 16:25
2 - 35% - 35% - 14:06
3 - 23% - 20% - 9:19
4 - 2% - 5% - 0:54
PP Forward
1 - 56% - 60% - 7:30
2 - 44% - 40% - 5:49
PP Defense
1 - 71% - 60% - 9:31
2 - 29% - 40% - 3:48
PK Forward
1 - 86% - 60% - 5:07
2 - 14% - 40% - 0:50
PK Defense
1 - 59% - 60% - 3:31
2 - 41% - 40% - 2:26
PK3 Forward
1 - 0% - 60%
2 - 0% - 40%
PK3 Defense
1 - 0% - 60%
2 - 0% - 40%
44 Forward
1 - 0% - 60%
2 - 0% - 40%
44 Defense
1 - 0% - 60%
2 - 0% - 40%
Last Minute Offensive  - 0:00
Last Minute Defensive  - 0:00
Total
Forward - 60:00
Defense - 60:00

Play by Play

1st period


0:01 of 1st period - Justin Abdelkader wins face-off versus David Legwand in neutral zone.
0:26 of 1st period - Snap shot by Nathan MacKinnon.
0:26 of 1st period - Stopped by Jonas Hiller with a rebound.
1:05 of 1st period - Off-side.
1:06 of 1st period - Nate Thompson wins face-off versus Brandon Prust in neutral zone.
1:18 of 1st period - Snap shot by Jannik Hansen.
1:18 of 1st period - Shot Blocked by Luke Glendening.
1:54 of 1st period - Wrist shot by Jason Demers.
1:54 of 1st period - Deflect By David Moss.
1:54 of 1st period - Stopped by Ryan Miller with a rebound.
2:16 of 1st period - Snap shot by David Moss.
2:16 of 1st period - Deflect By Dan Hamhuis.
2:16 of 1st period - Shot Blocked by Raphael Diaz.
2:16 of 1st period - Puck is out of play.
2:17 of 1st period - David Legwand wins face-off versus Milan Michalek in Penguins zone.
3:18 of 1st period - Snap shot by David Moss.
3:18 of 1st period - Shot Misses the Net.
3:20 of 1st period - Wrist shot by David Moss.
3:20 of 1st period - Stopped by Ryan Miller without a rebound.
3:21 of 1st period - Zenon Konopka wins face-off versus Mikael Granlund in Penguins zone.
4:12 of 1st period - Slapshot by Jason Demers.
4:12 of 1st period - Deflect By Brandon Prust.
4:12 of 1st period - Stopped by Ryan Miller without a rebound.
4:13 of 1st period - Justin Abdelkader wins face-off versus David Legwand in Penguins zone.
4:48 of 1st period - Wrist shot by Nathan MacKinnon.
4:48 of 1st period - Stopped by Jonas Hiller with a rebound.
5:02 of 1st period - Wrist shot by Jarome Iginla.
5:02 of 1st period - Deflect By Marcus Foligno.
5:02 of 1st period - Stopped by Jonas Hiller with a rebound.
5:04 of 1st period - Wrist shot by Dan Hamhuis.
5:04 of 1st period - Deflect By Jason Demers.
5:04 of 1st period - Stopped by Jonas Hiller without a rebound.
5:05 of 1st period - Paul Gaustad wins face-off versus Brandon Prust in RedWings zone.
5:06 of 1st period - Wrist shot by Jarome Iginla.
5:06 of 1st period - Stopped by Jonas Hiller without a rebound.
5:07 of 1st period - Jarome Iginla wins face-off versus Brandon Prust in RedWings zone.
5:20 of 1st period - Brandon Prust is hit by Marcus Foligno.
5:25 of 1st period - Off-side.
5:26 of 1st period - Zenon Konopka wins face-off versus Nate Thompson in neutral zone.
5:31 of 1st period - Slapshot by Alex Goligoski.
5:31 of 1st period - Shot Misses the Net.
5:33 of 1st period - Wrist shot by Zenon Konopka.
5:33 of 1st period - Stopped by Ryan Miller without a rebound.
5:34 of 1st period - Nate Thompson wins face-off versus Zenon Konopka in Penguins zone.
5:50 of 1st period - Off-side.
5:51 of 1st period - Jarome Iginla wins face-off versus Brandon Prust in neutral zone.
5:56 of 1st period - Slapshot by Jarome Iginla.
5:56 of 1st period - Shot Misses the Net.
6:04 of 1st period - Jarome Iginla is hit by Jannik Hansen and loses puck.
6:19 of 1st period - Snap shot by Jannik Hansen.
6:19 of 1st period - Shot Misses the Net.
6:21 of 1st period - Slapshot by Brandon Prust.
6:21 of 1st period - Shot Misses the Net.
6:23 of 1st period - Snap shot by Jason Demers.
6:23 of 1st period - Stopped by Ryan Miller with a rebound.
6:25 of 1st period - Snap shot by Travis Moen.
6:25 of 1st period - Shot Blocked by Vladimir Tarasenko.
6:27 of 1st period - Snap shot by Jason Demers.
6:27 of 1st period - Shot Misses the Net.
6:44 of 1st period - Slapshot by Johnny Boychuk.
6:44 of 1st period - Goal by Johnny Boychuk - RedWings : 1 - Penguins : 0.
6:45 of 1st period - Justin Abdelkader wins face-off versus David Legwand in neutral zone.
7:18 of 1st period - Snap shot by David Legwand.
7:18 of 1st period - Shot Misses the Net.
7:22 of 1st period - Snap shot by Nathan MacKinnon.
7:22 of 1st period - Shot Blocked by Johnny Boychuk.
7:38 of 1st period - Raphael Diaz is hit by Brandon Prust and loses puck.
7:50 of 1st period - Chris Butler is hit by Alex Goligoski and loses puck.
8:23 of 1st period - Slapshot by Nick Leddy.
8:23 of 1st period - Stopped by Ryan Miller with a rebound.
8:25 of 1st period - Wrist shot by Nick Leddy.
8:25 of 1st period - Stopped by Ryan Miller with a rebound.
8:27 of 1st period - Wrist shot by Zenon Konopka.
8:27 of 1st period - Stopped by Ryan Miller with a rebound.
8:29 of 1st period - Slapshot by Zenon Konopka.
8:29 of 1st period - Shot Misses the Net.
8:31 of 1st period - Snap shot by Eric Gryba.
8:31 of 1st period - Stopped by Ryan Miller with a rebound.
8:33 of 1st period - Snap shot by Eric Gryba.
8:33 of 1st period - Stopped by Ryan Miller without a rebound.
8:34 of 1st period - Milan Michalek wins face-off versus Mikael Granlund in Penguins zone.
8:34 of 1st period - Nick Leddy is hit by Christian Ehrhoff and loses puck.
8:43 of 1st period - Slapshot by Nick Leddy.
8:43 of 1st period - Shot Misses the Net.
8:45 of 1st period - Snap shot by Zac Rinaldo.
8:45 of 1st period - Shot Blocked by Christian Ehrhoff.
8:52 of 1st period - Minor Penalty to Christian Ehrhoff for Hooking.
8:53 of 1st period - Paul Gaustad wins face-off versus Justin Abdelkader in Penguins zone.
9:24 of 1st period - Wrist shot by Paul Gaustad.
9:24 of 1st period - Stopped by Jonas Hiller with a rebound.
9:32 of 1st period - Snap shot by Paul Gaustad.
9:32 of 1st period - Stopped by Jonas Hiller without a rebound.
9:33 of 1st period - Paul Gaustad wins face-off versus Brandon Prust in RedWings zone.
9:36 of 1st period - Wrist shot by Luke Glendening.
9:36 of 1st period - Shot Blocked by Johnny Boychuk.
10:01 of 1st period - Off-side.
10:02 of 1st period - Paul Gaustad wins face-off versus Justin Abdelkader in neutral zone.
10:52 of 1st period - Penalty to Christian Ehrhoff is over, Christian Ehrhoff is back on ice.
12:02 of 1st period - Minor Penalty to Zenon Konopka for Holding.
12:03 of 1st period - Milan Michalek wins face-off versus Mikael Granlund in RedWings zone.
12:26 of 1st period - Johnny Boychuk is hit by Patrick Sharp and loses puck.
12:39 of 1st period - Slapshot by Nathan MacKinnon.
12:39 of 1st period - Stopped by Jonas Hiller without a rebound.
12:40 of 1st period - Zac Rinaldo wins face-off versus David Legwand in RedWings zone.
13:00 of 1st period - Johnny Boychuk is hit by David Legwand and loses puck.
13:27 of 1st period - Wrist shot by Nathan MacKinnon.
13:27 of 1st period - Goal by Nathan MacKinnon - RedWings : 1 - Penguins : 1.
13:28 of 1st period - Nate Thompson wins face-off versus Brandon Prust in neutral zone.
13:41 of 1st period - Slapshot by Dan Hamhuis.
13:41 of 1st period - Stopped by Jonas Hiller with a rebound.
13:57 of 1st period - Wrist shot by Jannik Hansen.
13:57 of 1st period - Shot Misses the Net.
13:59 of 1st period - Snap shot by Jannik Hansen.
13:59 of 1st period - Shot Misses the Net.
14:01 of 1st period - Wrist shot by Travis Moen.
14:01 of 1st period - Stopped by Ryan Miller with a rebound.
14:03 of 1st period - Slapshot by Alexei Emelin.
14:03 of 1st period - Stopped by Ryan Miller with a rebound.
14:05 of 1st period - Slapshot by Jason Demers.
14:05 of 1st period - Stopped by Ryan Miller with a rebound.
14:19 of 1st period - Raphael Diaz is hit by Alexei Emelin and loses puck.
14:37 of 1st period - Alex Goligoski is hit by Paul Gaustad and loses puck.
14:58 of 1st period - Snap shot by Marcus Foligno.
14:58 of 1st period - Stopped by Jonas Hiller without a rebound.
14:59 of 1st period - David Legwand wins face-off versus Milan Michalek in RedWings zone.
15:00 of 1st period - Snap shot by Nathan MacKinnon.
15:00 of 1st period - Shot Blocked by Eric Gryba.
15:02 of 1st period - Slapshot by Christian Ehrhoff.
15:02 of 1st period - Deflect By Nathan MacKinnon.
15:02 of 1st period - Shot Misses the Net.
15:02 of 1st period - Puck is out of play.
15:03 of 1st period - David Legwand wins face-off versus Milan Michalek in RedWings zone.
15:13 of 1st period - Minor Penalty to Eric Gryba for Roughing.
15:14 of 1st period - Mikael Granlund wins face-off versus Milan Michalek in RedWings zone.
16:30 of 1st period - Milan Michalek is hit by Nathan MacKinnon and loses puck.
16:57 of 1st period - Snap shot by Mikael Granlund.
16:57 of 1st period - Shot Misses the Net.
17:07 of 1st period - Jarome Iginla is hit by Alexei Emelin.
17:13 of 1st period - Penalty to Eric Gryba is over, Eric Gryba is back on ice.
18:33 of 1st period - Snap shot by Nick Leddy.
18:33 of 1st period - Shot Blocked by Dan Hamhuis.
18:53 of 1st period - Wrist shot by Jannik Hansen.
18:53 of 1st period - Shot Blocked by Luke Glendening.
19:29 of 1st period - Minor Penalty to Johnny Boychuk for Hooking.
19:30 of 1st period - David Legwand wins face-off versus Milan Michalek in RedWings zone.
Goals for this period are 1 for RedWings vs 1 for Penguins.
Shots for this period are 14 for RedWings vs 11 for Penguins.

2nd period


0:01 of 2nd period - Mikael Granlund wins face-off versus Milan Michalek in neutral zone.
0:04 of 2nd period - Justin Abdelkader is hit by Jarome Iginla and loses puck.
0:09 of 2nd period - Snap shot by Patrick Sharp.
0:09 of 2nd period - Shot Blocked by Justin Abdelkader.
0:17 of 2nd period - Slapshot by Jarome Iginla.
0:17 of 2nd period - Shot Misses the Net.
0:19 of 2nd period - Slapshot by Mark Giordano.
0:19 of 2nd period - Shot Blocked by Alex Goligoski.
0:21 of 2nd period - Slapshot by Christian Ehrhoff.
0:21 of 2nd period - Stopped by Jonas Hiller without a rebound.
0:22 of 2nd period - David Legwand wins face-off versus Milan Michalek in RedWings zone.
1:28 of 2nd period - Snap shot by Jarome Iginla.
1:28 of 2nd period - Deflect By Patrick Sharp.
1:28 of 2nd period - Shot Blocked by Jannik Hansen.
1:28 of 2nd period - Puck is out of play.
1:29 of 2nd period - Penalty to Johnny Boychuk is over, Johnny Boychuk is back on ice.
1:29 of 2nd period - Paul Gaustad wins face-off versus Brandon Prust in RedWings zone.
1:39 of 2nd period - Jarome Iginla is hit by Brandon Prust and loses puck.
1:52 of 2nd period - Travis Moen is hit by Paul Gaustad and loses puck.
2:03 of 2nd period - Dan Hamhuis is hit by Alexei Emelin and loses puck.
2:32 of 2nd period - Alex Goligoski is hit by Luke Glendening and loses puck.
2:39 of 2nd period - David Moss is hit by Nate Thompson and loses puck.
3:08 of 2nd period - Minor Penalty to Anton Volchenkov for Interference.
3:09 of 2nd period - Brandon Prust wins face-off versus Paul Gaustad in Penguins zone.
3:34 of 2nd period - Slapshot by Alex Goligoski.
3:34 of 2nd period - Stopped by Ryan Miller with a rebound.
3:36 of 2nd period - Snap shot by Alex Goligoski.
3:36 of 2nd period - Stopped by Ryan Miller with a rebound.
3:38 of 2nd period - Slapshot by Johnny Boychuk.
3:38 of 2nd period - Stopped by Ryan Miller with a rebound.
3:40 of 2nd period - Snap shot by Alex Goligoski.
3:40 of 2nd period - Shot Blocked by Paul Gaustad.
3:54 of 2nd period - Johnny Boychuk is hit by Luke Glendening and loses puck.
4:27 of 2nd period - Chris Butler is hit by Brandon Prust and loses puck.
4:52 of 2nd period - Slapshot by Milan Michalek.
4:52 of 2nd period - Shot Misses the Net.
4:54 of 2nd period - Slapshot by Johnny Boychuk.
4:54 of 2nd period - Shot Misses the Net.
4:56 of 2nd period - Snap shot by David Moss.
4:56 of 2nd period - Stopped by Ryan Miller without a rebound.
4:57 of 2nd period - Paul Gaustad wins face-off versus Justin Abdelkader in Penguins zone.
5:08 of 2nd period - Penalty to Anton Volchenkov is over, Anton Volchenkov is back on ice.
5:41 of 2nd period - Icing by Johnny Boychuk.
5:42 of 2nd period - David Legwand wins face-off versus Milan Michalek in RedWings zone.
5:57 of 2nd period - Slapshot by Nathan MacKinnon.
5:57 of 2nd period - Shot Misses the Net.
5:59 of 2nd period - Wrist shot by Nathan MacKinnon.
5:59 of 2nd period - Shot Misses the Net.
6:07 of 2nd period - Snap shot by Nathan MacKinnon.
6:07 of 2nd period - Stopped by Jonas Hiller with a rebound.
6:29 of 2nd period - Milan Michalek is hit by Anton Volchenkov and loses puck.
6:44 of 2nd period - Wrist shot by Vladimir Tarasenko.
6:44 of 2nd period - Goal by Vladimir Tarasenko - RedWings : 1 - Penguins : 2.
6:45 of 2nd period - Mikael Granlund wins face-off versus Zenon Konopka in neutral zone.
7:03 of 2nd period - Off-side.
7:04 of 2nd period - Mikael Granlund wins face-off versus Zenon Konopka in neutral zone.
7:50 of 2nd period - Snap shot by David Legwand.
7:50 of 2nd period - Stopped by Jonas Hiller with a rebound.
7:52 of 2nd period - Slapshot by Christian Ehrhoff.
7:52 of 2nd period - Shot Blocked by Travis Moen.
8:14 of 2nd period - Minor Penalty to Brandon Prust for Hooking.
8:15 of 2nd period - Milan Michalek wins face-off versus Mikael Granlund in RedWings zone.
8:15 of 2nd period - Milan Michalek is hit by Jarome Iginla.
8:20 of 2nd period - Jarome Iginla is hit by Justin Abdelkader and loses puck.
8:57 of 2nd period - Icing by Christian Ehrhoff.
8:58 of 2nd period - David Legwand wins face-off versus Milan Michalek in Penguins zone.
9:19 of 2nd period - Wrist shot by Vladimir Tarasenko.
9:19 of 2nd period - Stopped by Jonas Hiller with a rebound.
9:41 of 2nd period - Mark Giordano is hit by Jannik Hansen and loses puck.
10:14 of 2nd period - Penalty to Brandon Prust is over, Brandon Prust is back on ice.
10:31 of 2nd period - Mark Giordano is hit by David Moss and loses puck.
10:38 of 2nd period - Alexei Emelin is hit by Mark Giordano and loses puck.
10:43 of 2nd period - Wrist shot by Chris Kelly.
10:43 of 2nd period - Shot Misses the Net.
10:47 of 2nd period - Snap shot by Chris Kelly.
10:47 of 2nd period - Shot Misses the Net.
10:49 of 2nd period - Snap shot by Luke Glendening.
10:49 of 2nd period - Shot Misses the Net.
10:51 of 2nd period - Wrist shot by Nate Thompson.
10:51 of 2nd period - Stopped by Jonas Hiller without a rebound.
10:52 of 2nd period - Paul Gaustad wins face-off versus Milan Michalek in RedWings zone.
11:38 of 2nd period - Wrist shot by Bryan Bickell.
11:38 of 2nd period - Stopped by Ryan Miller with a rebound.
11:40 of 2nd period - Snap shot by Zenon Konopka.
11:40 of 2nd period - Stopped by Ryan Miller without a rebound.
11:41 of 2nd period - Zenon Konopka wins face-off versus Patrick Sharp in Penguins zone.
12:02 of 2nd period - Wrist shot by Nick Leddy.
12:02 of 2nd period - Stopped by Ryan Miller with a rebound.
12:04 of 2nd period - Slapshot by Nick Leddy.
12:04 of 2nd period - Stopped by Ryan Miller with a rebound.
12:34 of 2nd period - Chris Butler is hit by Eric Gryba.
12:49 of 2nd period - Paul Postma is hit by Jarome Iginla and loses puck.
13:44 of 2nd period - Snap shot by Chris Kelly.
13:44 of 2nd period - Shot Hit the Post.
14:06 of 2nd period - Wrist shot by Christian Ehrhoff.
14:06 of 2nd period - Goal by Christian Ehrhoff - RedWings : 1 - Penguins : 3.
14:07 of 2nd period - Mikael Granlund wins face-off versus Justin Abdelkader in neutral zone.
14:49 of 2nd period - Christian Ehrhoff is hit by Jannik Hansen and loses puck.
15:04 of 2nd period - Chris Kelly is hit by Alexei Emelin.
15:07 of 2nd period - Minor Penalty to Brandon Prust for Tripping.
15:08 of 2nd period - David Legwand wins face-off versus Milan Michalek in RedWings zone.
15:53 of 2nd period - Snap shot by Justin Abdelkader.
15:53 of 2nd period - Stopped by Ryan Miller with a rebound.
16:19 of 2nd period - Slapshot by Jason Demers.
16:19 of 2nd period - Stopped by Ryan Miller without a rebound.
16:20 of 2nd period - Mikael Granlund wins face-off versus David Moss in Penguins zone.
16:25 of 2nd period - David Moss is hit by Patrick Sharp and loses puck.
16:30 of 2nd period - Snap shot by Mikael Granlund.
16:30 of 2nd period - Shot Misses the Net.
16:32 of 2nd period - Slapshot by Christian Ehrhoff.
16:32 of 2nd period - Shot Blocked by David Moss.
17:07 of 2nd period - Penalty to Brandon Prust is over, Brandon Prust is back on ice.
17:35 of 2nd period - Minor Penalty to Eric Gryba for Hooking.
17:36 of 2nd period - Nathan MacKinnon wins face-off versus Milan Michalek in RedWings zone.
17:55 of 2nd period - Wrist shot by Patrick Sharp.
17:55 of 2nd period - Stopped by Jonas Hiller with a rebound.
18:13 of 2nd period - Wrist shot by David Legwand.
18:13 of 2nd period - Shot Misses the Net.
18:15 of 2nd period - Slapshot by Dan Hamhuis.
18:15 of 2nd period - Deflect By Jason Demers.
18:15 of 2nd period - Stopped by Jonas Hiller without a rebound.
18:16 of 2nd period - Zac Rinaldo wins face-off versus David Legwand in RedWings zone.
18:44 of 2nd period - Johnny Boychuk is hit by Mikael Granlund and loses puck.
19:11 of 2nd period - Jannik Hansen is hit by Jarome Iginla and loses puck.
19:35 of 2nd period - Penalty to Eric Gryba is over, Eric Gryba is back on ice.
Goals for this period are 0 for RedWings vs 2 for Penguins.
Shots for this period are 10 for RedWings vs 9 for Penguins.

3rd period


0:01 of 3rd period - Milan Michalek wins face-off versus David Legwand in neutral zone.
1:00 of 3rd period - Raphael Diaz is hit by Johnny Boychuk and loses puck.
1:17 of 3rd period - Mikael Granlund is hit by Brandon Prust and loses puck.
1:45 of 3rd period - Wrist shot by Chris Kelly.
1:45 of 3rd period - Stopped by Jonas Hiller without a rebound.
1:46 of 3rd period - Milan Michalek wins face-off versus Nate Thompson in RedWings zone.
1:53 of 3rd period - Wrist shot by Jesse Joensuu.
1:53 of 3rd period - Stopped by Ryan Miller without a rebound.
1:54 of 3rd period - Milan Michalek wins face-off versus David Legwand in Penguins zone.
2:23 of 3rd period - Wrist shot by Nathan MacKinnon.
2:23 of 3rd period - Goal by Nathan MacKinnon - RedWings : 1 - Penguins : 4.
2:24 of 3rd period - Paul Gaustad wins face-off versus Brandon Prust in neutral zone.
2:47 of 3rd period - Snap shot by Travis Moen.
2:47 of 3rd period - Shot Misses the Net.
2:49 of 3rd period - Snap shot by Brandon Prust.
2:49 of 3rd period - Stopped by Ryan Miller without a rebound.
2:50 of 3rd period - David Legwand wins face-off versus Milan Michalek in Penguins zone.
3:29 of 3rd period - Dan Hamhuis is hit by Jason Demers and loses puck.
3:52 of 3rd period - Slapshot by Alex Goligoski.
3:52 of 3rd period - Shot Misses the Net.
3:54 of 3rd period - Slapshot by Johnny Boychuk.
3:54 of 3rd period - Shot Blocked by Patrick Sharp.
4:54 of 3rd period - Off-side.
4:55 of 3rd period - Chris Kelly wins face-off versus Milan Michalek in neutral zone.
5:23 of 3rd period - Slapshot by Nick Leddy.
5:23 of 3rd period - Deflect By Milan Michalek.
5:23 of 3rd period - Stopped by Ryan Miller without a rebound.
5:24 of 3rd period - Paul Gaustad wins face-off versus Justin Abdelkader in Penguins zone.
5:24 of 3rd period - Paul Gaustad is hit by Milan Michalek.
5:34 of 3rd period - Wrist shot by Jarome Iginla.
5:34 of 3rd period - Shot Misses the Net.
5:36 of 3rd period - Slapshot by Mark Giordano.
5:36 of 3rd period - Stopped by Jonas Hiller with a rebound.
5:38 of 3rd period - Slapshot by Christian Ehrhoff.
5:38 of 3rd period - Stopped by Jonas Hiller with a rebound.
6:15 of 3rd period - Jason Demers is hit by Nate Thompson and loses puck.
6:22 of 3rd period - Slapshot by Luke Glendening.
6:22 of 3rd period - Shot Misses the Net.
6:24 of 3rd period - Snap shot by Raphael Diaz.
6:24 of 3rd period - Deflect By Travis Moen.
6:24 of 3rd period - Stopped by Jonas Hiller without a rebound.
6:25 of 3rd period - Patrick Sharp wins face-off versus Brandon Prust in RedWings zone.
7:12 of 3rd period - Alex Goligoski is hit by Dan Hamhuis.
7:24 of 3rd period - Wrist shot by Mikael Granlund.
7:24 of 3rd period - Shot Misses the Net.
7:26 of 3rd period - Slapshot by Chris Butler.
7:26 of 3rd period - Stopped by Jonas Hiller with a rebound.
7:28 of 3rd period - Wrist shot by Jarome Iginla.
7:28 of 3rd period - Shot Misses the Net.
7:30 of 3rd period - Wrist shot by Jarome Iginla.
7:30 of 3rd period - Stopped by Jonas Hiller with a rebound.
7:47 of 3rd period - Alex Goligoski is hit by Nate Thompson and loses puck.
7:56 of 3rd period - Snap shot by Mark Giordano.
7:56 of 3rd period - Shot Blocked by Alex Goligoski.
7:58 of 3rd period - Snap shot by Chris Kelly.
7:58 of 3rd period - Stopped by Jonas Hiller with a rebound.
8:00 of 3rd period - Slapshot by Christian Ehrhoff.
8:00 of 3rd period - Deflect By Alex Goligoski.
8:00 of 3rd period - Stopped by Jonas Hiller without a rebound.
8:01 of 3rd period - Justin Abdelkader wins face-off versus Paul Gaustad in RedWings zone.
9:33 of 3rd period - Icing by Nathan MacKinnon.
9:34 of 3rd period - David Legwand wins face-off versus Zenon Konopka in Penguins zone.
10:24 of 3rd period - Slapshot by Christian Ehrhoff.
10:24 of 3rd period - Deflect By Brandon Prust.
10:24 of 3rd period - Stopped by Jonas Hiller with a rebound.
10:26 of 3rd period - Slapshot by Christian Ehrhoff.
10:26 of 3rd period - Deflect By Luke Glendening.
10:26 of 3rd period - Shot Blocked by Eric Gryba.
10:26 of 3rd period - Puck is out of play.
10:27 of 3rd period - Mikael Granlund wins face-off versus Brandon Prust in RedWings zone.
11:07 of 3rd period - Minor Penalty to Chris Butler for Cross-checking.
11:08 of 3rd period - Paul Gaustad wins face-off versus Milan Michalek in Penguins zone.
11:11 of 3rd period - Off-side.
11:12 of 3rd period - Paul Gaustad wins face-off versus Milan Michalek in neutral zone.
11:23 of 3rd period - Slapshot by Justin Abdelkader.
11:23 of 3rd period - Shot Misses the Net.
11:25 of 3rd period - Slapshot by Alex Goligoski.
11:25 of 3rd period - Stopped by Ryan Miller without a rebound.
11:26 of 3rd period - Paul Gaustad wins face-off versus Justin Abdelkader in Penguins zone.
11:43 of 3rd period - Milan Michalek is hit by Paul Gaustad.
12:03 of 3rd period - Snap shot by Jannik Hansen.
12:03 of 3rd period - Shot Misses the Net.
12:05 of 3rd period - Snap shot by Johnny Boychuk.
12:05 of 3rd period - Deflect By Jannik Hansen.
12:05 of 3rd period - Shot Misses the Net.
12:05 of 3rd period - Puck is out of play.
12:06 of 3rd period - Brandon Prust wins face-off versus Paul Gaustad in Penguins zone.
13:07 of 3rd period - Penalty to Chris Butler is over, Chris Butler is back on ice.
13:10 of 3rd period - Slapshot by Jannik Hansen.
13:10 of 3rd period - Stopped by Ryan Miller with a rebound.
13:12 of 3rd period - Snap shot by Johnny Boychuk.
13:12 of 3rd period - Stopped by Ryan Miller with a rebound.
13:14 of 3rd period - Wrist shot by Johnny Boychuk.
13:14 of 3rd period - Stopped by Ryan Miller with a rebound.
13:16 of 3rd period - Snap shot by Alex Goligoski.
13:16 of 3rd period - Stopped by Ryan Miller with a rebound.
13:44 of 3rd period - Snap shot by Nick Leddy.
13:44 of 3rd period - Stopped by Ryan Miller without a rebound.
13:45 of 3rd period - David Legwand wins face-off versus Zenon Konopka in Penguins zone.
13:54 of 3rd period - Snap shot by Nathan MacKinnon.
13:54 of 3rd period - Shot Misses the Net.
14:57 of 3rd period - Johnny Boychuk is hit by Jarome Iginla and loses puck.
15:05 of 3rd period - Off-side.
15:06 of 3rd period - Mikael Granlund wins face-off versus Travis Moen in neutral zone.
15:09 of 3rd period - Snap shot by Jarome Iginla.
15:09 of 3rd period - Stopped by Jonas Hiller with a rebound.
15:11 of 3rd period - Snap shot by Jarome Iginla.
15:11 of 3rd period - Shot Misses the Net.
15:13 of 3rd period - Slapshot by Anton Volchenkov.
15:13 of 3rd period - Deflect By Mikael Granlund.
15:13 of 3rd period - Shot Blocked by Jason Demers.
15:13 of 3rd period - Puck is out of play.
15:14 of 3rd period - Brandon Prust wins face-off versus Vladimir Tarasenko in RedWings zone.
15:21 of 3rd period - Slapshot by Alexei Emelin.
15:21 of 3rd period - Shot Blocked by Anton Volchenkov.
15:31 of 3rd period - Slapshot by Jason Demers.
15:31 of 3rd period - Stopped by Ryan Miller with a rebound.
15:38 of 3rd period - Icing by Alexei Emelin.
15:39 of 3rd period - Nate Thompson wins face-off versus Travis Moen in RedWings zone.
15:44 of 3rd period - Slapshot by Mark Giordano.
15:44 of 3rd period - Shot Misses the Net.
15:50 of 3rd period - Slapshot by Mark Giordano.
15:50 of 3rd period - Stopped by Jonas Hiller with a rebound.
15:52 of 3rd period - Slapshot by Mark Giordano.
15:52 of 3rd period - Goal by Mark Giordano - RedWings : 1 - Penguins : 5.
15:53 of 3rd period - Paul Gaustad wins face-off versus Zenon Konopka in neutral zone.
16:04 of 3rd period - Slapshot by Jarome Iginla.
16:04 of 3rd period - Shot Misses the Net.
16:50 of 3rd period - Minor Penalty to Milan Michalek for Slashing.
16:51 of 3rd period - Mikael Granlund wins face-off versus Zac Rinaldo in RedWings zone.
18:50 of 3rd period - Penalty to Milan Michalek is over, Milan Michalek is back on ice.
19:04 of 3rd period - Johnny Boychuk is hit by Jarome Iginla and loses puck.
19:11 of 3rd period - Dan Hamhuis is hit by Zenon Konopka and loses puck.
Goals for this period are 0 for RedWings vs 2 for Penguins.
Shots for this period are 10 for RedWings vs 13 for Penguins.


Output by the SimonT Hockey Simulator (STHS) for Eric Dolegowski -- Original Page W3C XHTML 1.0 Valid
Hockey Simulator - Hockey Simulation - Hockey Manager